 Dungeon Crawl Stone Soup version 0.31-a0-66-ge618eeaa78 (webtiles) character file.

Game seed: 16116517385074723333

224 browni3141 the Trooper (level 5, -6/43 HPs)
             Began as a Mummy Fighter on May 22, 2023.
             Was an Initiate of Kikubaaqudgha.
             Killed by divine providence
             ... invoked by an orc priest
              (17 damage)
             ... on level 5 of the Dungeon.
             The game lasted 00:04:59 (3665 turns).

browni3141 the Trooper (Mummy Fighter)              Turns: 3665, Time: 00:04:59

Health: -6/43      AC: 14    Str: 19    XL:     5   Next: 67%
Magic:  5/5        EV:  9    Int:  9    God:    Kikubaaqudgha [......]
Gold:   230        SH:  4    Dex: 12    Spells: 4/4 levels left

rFire   x . .        k - +0 dagger (venom)
rCold   + + .        c - +0 buckler
rNeg    + + +        l - +7 Kryia's mail coat {PotionHeal*2 rC+}
rPois   ∞            (no helmet)
rElec   .            (no cloak)
rCorr   .            j - +0 pair of gloves
SInv    .            (no boots)
Will    .....        (no amulet) Stlth
                     (no ring)
HPRegen 0.27/turn    (no ring)
MPRegen 0.09/turn

%: faith
@: no status effects
A: cold resistance 1, negative energy resistance 3, torment resistance 2, heat
vulnerability 1, in touch with death 1, no potions, faith
a: Renounce Religion


You were on level 5 of the Dungeon.
You worshipped Kikubaaqudgha.
Kikubaaqudgha was noncommittal.
You visited 2 branches of the dungeon, and saw 6 of its levels.

You collected 269 gold pieces.
You spent 39 gold pieces at shops.

Inventory:

Hand Weapons
 a - a +0 rapier
 k - a +0 dagger of venom (weapon)
Missiles
 f - 17 poisoned darts (quivered)
Armour
 b - a +0 scale mail
 c - a +0 buckler (worn)
 j - a +0 pair of gloves (worn)
 l - the +7 Kryia's mail coat (worn) {PotionHeal*2 rC+}
   (You took it off a kobold on level 4 of the Dungeon)

   PotionHeal*2: Potions heal its wearer twice as much.
   rC:        It protects you from cold.
Scrolls
 d - 2 scrolls of poison {unknown}
 e - a scroll of butterflies {unknown}
 g - 2 scrolls of teleportation
 h - 2 scrolls of noise {unknown}
 i - 2 scrolls of identify {unknown}


   Skills:
 + Level 4.9 Fighting
 * Level 3.1 Short Blades
 * Level 1.6 Throwing
 - Level 2.4 Armour
 - Level 2.4 Shields
 + Level 0.4 Necromancy


You had 4 spell levels left.
You didn't know any spells.
Your spell library was empty.

Dungeon Overview and Level Annotations

Branches:
Dungeon (5/15)             Temple (1/1) D:4

Altars:
Cheibriados
Gozag
Hepliaklqana
Kikubaaqudgha
Makhleb
Qazlal
Ru
Sif Muna
Trog
Wu Jian
Xom
Yredelemnul

Shops:
D:1 !?:*!   D:4 *:


Innate Abilities, Weirdness & Mutations

You are immune to poison.
Your flesh is cold resistant. (rC+)
You are immune to negative energy. (rN+++)
You are immune to unholy pain and torment.
You are vulnerable to heat. (rF-)
You are in touch with the powers of death.
You do not drink.
You have a special connection with the divine. (Faith)


Message History

You climb downwards.
The orc priest shouts!
You hear a shout!
Found 6 stones.
There is a stone staircase leading up here.
An orc priest comes into view. It is wielding a +0 club.
The orc priest shouts!
An orc wizard comes into view. It is wielding a +0 dagger.
The orc priest looks encouraged for a moment.
A scorpion comes into view.
You hit the orc wizard.
The orc wizard is poisoned.
The orc wizard is lightly wounded.
The orc wizard casts a spell.
The orc wizard flickers and vanishes!
Deactivating autopickup; reactivate with Ctrl-A.
You hear a shout!
There is a stone staircase leading up here.
You hear some strange, mumbled words.
You are confused.
The orc falls through a shaft!
The shaft crumbles and collapses.
Unknown command.
You climb upwards.
Reactivating autopickup.
There is a stone staircase leading down here.
You start waiting.
You feel less confused.
You climb downwards.
The orc priest calls down the wrath of Beogh upon you.
Beogh smites you! The scorpion stings you.
Something hits you but does no damage.
Deactivating autopickup; reactivate with Ctrl-A.
The orc priest calls down the wrath of Beogh upon you.
Beogh smites you!
* * * LOW HITPOINT WARNING * * *
The scorpion stings you but does no damage.
There is a stone staircase leading up here.
Something hits you but does no damage.
The orc priest mumbles some strange prayers to Beogh against you.
Beogh smites you!
You die...
Kikubaaqudgha rasps: "You have failed me!
Welcome... oblivion!"

.. ## #.## ..
###..# (.
###....##.
##........
.........
......s{#
.....o.@##
#........#
.......o.#
..........#
............
.......o...#.
..........##
..
........... .
.........##.


You could see a scorpion, 2 orc priests and an orc wizard.

Vanquished Creatures
  2 hounds (D:4)
  An iguana (D:4)
  3 gnolls (D:4)
  3 adders
  A worm (D:3)
  4 orcs (D:4)
  A ball python (D:2)
  7 endoplasms
  A giant cockroach (D:3)
  8 goblins
  6 hobgoblins
  7 jackals
  4 quokkas
  3 bats
  3 frilled lizards
  13 kobolds
  9 rats
76 creatures vanquished.

Notes
Turn   | Place    | Note
-------+----------+-------------------------------------------
     0 | D:1      | browni3141 the Mummy Fighter began the quest for the Orb.
     0 | D:1      | Reached XP level 1. HP: 18/18 MP: 1/1
    39 | D:1      | Found Guar's General Store.
    91 | D:1      | Found Nati's Magic Scroll Shop.
   118 | D:1      | Found Hasats's Distillery.
   178 | D:1      | Reached XP level 2. HP: 7/24 MP: 2/2
   512 | D:1      | Found Ojumoqod's Book Shop.
   522 | D:1      | Reached skill level 4 in Fighting
   803 | D:1      | Found Wierobymn's Distillery.
   832 | D:2      | Gained mutation: You are in touch with the powers of death.
                  | [Mummy growth]
   832 | D:2      | Reached XP level 3. HP: 30/30 MP: 3/3
  1696 | D:4      | Found Efofaupp's Vocational Training.
  1814 | D:3      | Reached XP level 4. HP: 38/38 MP: 4/4
  1902 | D:3      | Found an ornate altar of the Wu Jian Council.
  1989 | D:3      | Found a faded altar of an unknown god.
  2621 | D:4      | Found a staircase to the Ecumenical Temple.
  2632 | D:4      | Reached skill level 1 in Throwing
  2632 | D:4      | Reached XP level 5. HP: 42/43 MP: 5/5
  2683 | Temple   | Entered the Ecumenical Temple
  3082 | Temple   | Became a worshipper of Kikubaaqudgha
  3156 | D:4      | Found Ufuinor's General Store.
  3166 | D:4      | Bought a scroll of teleportation for 39 gold pieces
  3651 | D:5      | Entered Level 5 of the Dungeon
  3665 | D:5      | Killed from afar by an orc priest

Illustrated notes

Levels and vault maps discovered:
D:1:      minmay_arrival_cross, layout_loops_ring, serial_shops,
          nicolae_shop_tiny_statue_garden, shop, nicolae_shop_tiny_waterfront,
          shop, shop
D:2:      layout_loops_ring
D:3:      layout_basic, nicolae_overflow_hidden_temple,
          nicolae_wu_jian_immortal_techniques, basic_ecumenical_altar
D:4:      layout_gridville, minmay_temple_entry_slanted, serial_shops,
          shop_statue, minivault_19, nicolae_shop_vocational
D:5:      layout_cave_pools, serial_shops, shop, grunt_decor_junction
Temple:   oiseaux_autumnal_temple

Skill      XL: |  1  2  3  4  5 |
---------------+----------------+-----
Fighting       | 4 |  4.9
Short Blades   | 2 3 |  3.1
Throwing       | 1 |  1.6
Armour         | |  2.4
Shields        | |  2.4
Necromancy     | |  0.4

Action                     |  1- 3 |  4- 6 || total
---------------------------+-------+-------++-------
  Melee: Rapier            |   153 |    59 ||   212
         Dagger            |       |    56 ||    56
  Throw: Dart              |       |    16 ||    16
 Armour: Scale mail        |    54 |    48 ||   102
  Dodge: Dodged            |    63 |    56 ||   119
  Block: Buckler           |    30 |    24 ||    54

Table legend: (Time is in decaauts)
 A = Elapsed time spent in this place.
 B = Non-inter-level travel time spent in this place.
 C = Inter-level travel time spent in this place.
 D = Time resting spent in this place.
 E = Time spent auto-exploring this place.
 F = Levels seen in this place.
 G = Mean time per level.
                   A        B        C        D        E       F      G
               +--------+--------+--------+--------+--------+-----+--------+
         Total |   3701 |   3270 |    431 |      3 |   2529 |   6 |  616.8 |
       Dungeon |   3261 |   2908 |    353 |      3 |   2182 |   5 |  652.2 |
        Temple |    439 |    361 |     78 |      0 |    347 |   1 |  439.0 |
               +--------+--------+--------+--------+--------+-----+--------+

Top non-repeatable levels by time:
     D:4: 930 daAuts
     D:3: 875 daAuts
     D:1: 842 daAuts
     D:2: 603 daAuts
  Temple: 439 daAuts
     D:5: 9 daAuts
